 Dungeon Crawl Stone Soup version 0.31-a0-1308-ga3cce3a448 (webtiles) character file.

Game seed: 17330145138093787343

5 bmb222 the Sneak (level 1, 0/18 HPs)
             Began as a Demonspawn Delver on Dec 19, 2023.
             Succumbed to an adder's poison
             ... on level 3 of the Dungeon.
             The game lasted 00:01:19 (371 turns).

bmb222 the Sneak (Demonspawn Delver)                 Turns: 371, Time: 00:01:20

Health: 0/18       AC:  3    Str: 12    XL:     1   Next: 66%
Magic:  1/1        EV: 11    Int: 10    God:
Gold:   46         SH:  0    Dex: 14    Spells: 0/0 levels left

rFire   . . .        j - +1 dagger (venom)
rCold   . . .        (no shield)
rNeg    . . .        b - +0 leather armour
rPois   .            (no helmet)
rElec   .            (no cloak)
rCorr   .            (no gloves)
SInv    .            (no boots)
Will    +....        (no amulet)
Stlth   +++          (no ring)
HPRegen 0.23/turn    (no ring)
MPRegen 0.07/turn

%: no passive effects
@: lethally poisoned (0 -> -2), enlightened, flying, hasted, very quick
A: no striking features
a: no special abilities


You were on level 3 of the Dungeon.
You visited 1 branch of the dungeon, and saw 3 of its levels.

You collected 46 gold pieces.

Inventory:

Hand Weapons
 a - a +0 short sword
 j - a +1 dagger of venom (weapon)
Armour
 b - a +0 leather armour (worn)
Jewellery
 h - the amulet of Elemental Vulnerability {rPois rF-- rC-- AC+8}
   (You found it on level 5 of the Dungeon)

   [amulet of nothing]

   AC+8:      It affects your AC (+8).
   rF--:      It makes you very vulnerable to fire.
   rC--:      It makes you very vulnerable to cold.
   rPois:     It protects you from poison
 i - an amulet of guardian spirit
Wands
 g - a wand of digging (3)
Scrolls
 c - a scroll of fog
 d - a scroll of immolation {unknown}


   Skills:
 + Level 3.1 Fighting
 + Level 1.9 Short Blades
 + Level 1.9 Dodging
 + Level 4.6 Stealth


You couldn't memorise any spells.
You didn't know any spells.
Your spell library was empty.

Dungeon Overview and Level Annotations

Branches:
Dungeon (5/15)
 Temple: D:4-7

Altars:

Shops:
D:3 *

Annotations:
D:4 Grinder


Message History

The kobold hits you with a +1 dagger of venom.
You are poisoned.
You barely miss the kobold.
You feel sick. The kobold barely misses you.
You hit the kobold but do no damage.
You feel sick. The kobold closely misses you.
You hit the kobold.
The kobold is heavily wounded.
You feel sick.
You hit the kobold.
You kill the kobold!
You feel sick.
Found a scroll labelled ZADEIC RENE.
You feel sick.
You see here a +1 dagger of venom.
You feel sick.
You feel sick.
You feel sick.
You are no longer poisoned.
You see here a +1 dagger of venom.
j - a +1 dagger of venom Your +1 dagger of venom begins to drip with poison!
j - a +1 dagger of venom (weapon)
An adder comes into view.
The adder hisses angrily.
Found a mace.
There is an empty arch of ancient stone here.
There is an entrance to Iphesirr's Assorted Antiques here.
You closely miss the adder. The adder bites you.
* * * LOW HITPOINT WARNING * * *
You feel yourself speed up. The adder bites you.
* * * LOW HITPOINT WARNING * * *
You are lethally poisoned!
The adder poisons you! The adder closely misses you.
It was a potion of enlightenment.
You feel very buoyant.
You fly up into the air.
* * * LOW HITPOINT WARNING * * *
You feel sick.
You hit the adder.
The adder is poisoned.
The adder is lightly wounded.
You die...

. ...#. #..#
#.##.## ## #..)
....... . ...#
....... # #.#..#
#.#.#. ##.#.#.?##
..#....
.........#
........
.......S.#
...#.... #..
#∩@∩# #..##.#.
#...#.∩.# #
#.......
.........##.#
#.###.#.
##..........#
#.#.....
#...###.####
#.#....> #.#. #.#
#....... #.#
#.########.#.....
#
##.........#.#.#.
#.#########.#.#.


You could see an adder (very poisoned).

Vanquished Creatures
  2 orcs
  A kobold (D:3)
3 creatures vanquished.

Notes
Turn   | Place    | Note
-------+----------+-------------------------------------------
     0 | D:5      | bmb222 the Demonspawn Delver began the quest for the Orb.
     0 | D:5      | Reached XP level 1. HP: 18/18 MP: 1/1
    18 | D:5      | Noticed a hound
    61 | D:5      | Found the amulet of Elemental Vulnerability {rPois rF--
                  | rC-- AC+8}
   213 | D:5      | Noticed a hound
   263 | D:4      | Noticed Grinder
   349 | D:3      | Found Iphesirr's Assorted Antiques.
   371 | D:3      | Succumbed to an adder's poison

Illustrated notes

Levels and vault maps discovered:
D:3:      layout_loops_ring, nicolae_hepliaklqana_monster_ancestors,
          serial_shops, nicolae_shop_dealshenge
D:4:      layout_loops_ring, mainiacjoe_overflow_big_doors,
          portal_sewer_entry_e, uniq_crazy_yiuf_cottage, uniq_grinder
D:5:      layout_gridville, mainiacjoe_overflow_cross_hatched, temple_fountains,
          uniq_edmund

Action                     || total
---------------------------++-------
  Melee: Short sword       ||    21
         Dagger            ||     2
         Punch             ||     1
    Use: Scroll            ||     2
         Potion            ||     2
 Armour: Leather armour    ||     8
  Dodge: Dodged            ||    11

Table legend: (Time is in decaauts)
 A = Elapsed time spent in this place.
 B = Non-inter-level travel time spent in this place.
 C = Inter-level travel time spent in this place.
 D = Time resting spent in this place.
 E = Time spent auto-exploring this place.
 F = Levels seen in this place.
 G = Mean time per level.
                   A        B        C        D        E       F      G
               +--------+--------+--------+--------+--------+-----+--------+
         Total |    367 |    367 |      0 |     57 |     19 |   3 |  122.3 |
       Dungeon |    367 |    367 |      0 |     57 |     19 |   3 |  122.3 |
               +--------+--------+--------+--------+--------+-----+--------+

Top non-repeatable levels by time:
     D:5: 260 daAuts
     D:3: 96 daAuts
     D:4: 10 daAuts
